 Dungeon Crawl Stone Soup version 0.26-a0-540-g8a0c9464d7 (webtiles) character file.

Game seed: 8367316576819774044

64 Lanoc the Skirmisher (level 3, -1/36 HPs)
             Began as a Troll Fighter on Aug 16, 2020.
             Slain by a two-headed ogre
             ... wielding a +0 giant club
              (16 damage)
             ... on level 4 of the Dungeon.
             The game lasted 00:01:25 (744 turns).

Lanoc the Skirmisher (Troll Fighter)                 Turns: 744, Time: 00:01:26

Health: -1/36      AC:  6    Str: 24    XL:     3   Next: 91%
Magic:  2/2        EV:  8    Int:  4    God:
Gold:   58         SH:  9    Dex: 10    Spells: 2/2 levels left

rFire    . . .     SeeInvis .   a - +0 war axe
rCold    . . .     Faith    .   c - +0 kite shield
rNeg     . . .     Spirit   .   b - +0 robe
rPois    .         Reflect  .   (helmet restricted)
rElec    .         Harm     .   (no cloak)
rCorr    .                      (gloves unavailable)
MR       .....                  (boots unavailable)
Stlth    +.........             (no amulet)
HPRegen  0.52/turn              (no ring)
MPRegen  0.08/turn              (no ring)

@: mighty
A: large, unfitting armour, claws 3, regeneration 1, shaggy fur 1, tough skin 3
a: no special abilities


You were on level 4 of the Dungeon.
You visited 1 branch of the dungeon, and saw 4 of its levels.

You collected 58 gold pieces.

Inventory:

Hand Weapons
 a - a +0 war axe (weapon)
Armour
 b - a +0 robe (worn)
 c - a +0 kite shield (worn)
Wands
 k - a wand of random effects (11)
Scrolls
 e - 2 scrolls of amnesia {unknown}
 h - a scroll of magic mapping {unknown}
 j - a scroll of remove curse {unknown}
 l - 2 scrolls of teleportation {unknown}
 m - 3 scrolls of identify {unknown}
 n - a scroll of immolation {unknown}
Potions
 d - a potion of might
 f - a potion of flight {unknown}
 g - 3 potions of curing {unknown}
 i - a potion of ambrosia {unknown}


   Skills:
 + Level 2.8 Fighting
 * Level 2.5 Axes
 + Level 2.8 Dodging
 + Level 2.7 Shields


You had 2 spell levels left.
You didn't know any spells.
Your spell library contained the following spells:

 Spells                   Type           Power        Failure   Level
 Magic Dart               Conj           #...         91%         1
 Blink                    Tloc           N/A          97%         2
 Call Imp                 Summ           #.......     97%         2
 Slow                     Hex            #.......     97%         2
 Conjure Flame            Conj/Fire      #.......     100%        3
 Mephitic Cloud           Conj/Pois/Air  #.......     100%        3


Dungeon Overview and Level Annotations

Branches:
Dungeon (4/15)
 Temple: D:4-7

Altars:
Trog
Vehumet
Zin


Innate Abilities, Weirdness & Mutations

You are too large for most types of armour.
You have claws for hands.
Your natural rate of healing is unusually fast.
You are covered in fur. (AC +1)
You have extremely tough skin. (AC +3)


Message History

a +0 short sword; a +0 ring mail; an orc corpse
g - 3 yellow potions (gained 1)
A two-headed ogre comes into view. It is wielding two +0 giant clubs.
You barely miss the two-headed ogre. The two-headed ogre barely misses you.
The two-headed ogre closely misses you.
You barely miss the two-headed ogre. You block the two-headed ogre's attack.
The two-headed ogre barely misses you. You block the two-headed ogre's attack.
The two-headed ogre barely misses you.
You closely miss the two-headed ogre. You block the two-headed ogre's attack.
The two-headed ogre hits you with a +0 giant club!!
Ouch! That really hurt!
You are too injured to fight recklessly!
You feel very mighty all of a sudden.
The two-headed ogre hits you but does no damage.
You block the two-headed ogre's attack.
You slash the two-headed ogre!
The two-headed ogre is lightly wounded.
The two-headed ogre barely misses you.
The two-headed ogre hits you with a +0 giant club!
You die...

#.######.#
#.#.####.#
#.#......#
#.#####.#.######
#............#
######.#.##.#
##### #.....#.##.#
#....
#.#####.##.###.##.
#@# #.##.#....#.
#O# #.##.#.#..#.
#...# #.##.#....#.
###.# #.##.#....#.
.# #.##.#....#. #
#.....##.
##........
#.)..#####
#.#..#....


You could see a two-headed ogre.

Vanquished Creatures
  Jessica (D:3)
  An adder skeleton (D:4)
  A worm (D:3)
  3 leopard geckos
  2 orcs
  A ball python (D:2)
  3 giant cockroaches (D:1)
  3 goblins
  4 hobgoblins
  A frilled lizard (D:1)
  4 kobolds
  2 rats
26 creatures vanquished.

Notes
Turn   | Place    | Note
-------+----------+-------------------------------------------
     0 | D:1      | Lanoc the Troll Fighter began the quest for the Orb.
     0 | D:1      | Reached XP level 1. HP: 22/22 MP: 0/0
    66 | D:1      | Reached XP level 2. HP: 27/29 MP: 1/1
   255 | D:3      | Noticed Jessica
   260 | D:3      | Killed Jessica
   260 | D:3      | Reached XP level 3. HP: 32/36 MP: 2/2
   414 | D:3      | Found a glowing silver altar of Zin.
   422 | D:3      | Found a bloodstained altar of Trog.
   429 | D:3      | Found a radiant altar of Vehumet.
   738 | D:4      | Noticed a two-headed ogre
   744 | D:4      | Slain by a two-headed ogre

Illustrated notes

Levels and vault maps discovered:
D:1:      roderic_chinese_lattice_arrival, layout_rooms
D:2:      minmay_chambers_of_twos, layout_basic
D:3:      layout_rooms, minitemple, uniq_jessica
D:4:      layout_basic, uniq_ijyb, uniq_blork_the_orc, uniq_robin

Skill      XL: |  1  2 |
---------------+-------+-----
Axes           | 2 |  2.5
Fighting       | |  2.8
Dodging        | |  2.8
Shields        | |  2.7

Action                   || total
-------------------------++-------
Melee: War axe           ||    84
  Use: Potion            ||     1
Armor: Robe              ||    32
Dodge: Dodged            ||    32
Block: Kite shield       ||    38

Table legend: (Time is in decaauts)
 A = Elapsed time spent in this place.
 B = Non-inter-level travel time spent in this place.
 C = Inter-level travel time spent in this place.
 D = Time resting spent in this place.
 E = Time spent auto-exploring this place.
 F = Levels seen in this place.
 G = Mean time per level.
                   A        B        C        D        E       F      G
               +--------+--------+--------+--------+--------+-----+--------+
         Total |    783 |    755 |     28 |      0 |    543 |   4 |  195.8 |
       Dungeon |    783 |    755 |     28 |      0 |    543 |   4 |  195.8 |
               +--------+--------+--------+--------+--------+-----+--------+

Top non-repeatable levels by time:
     D:3: 353 daAuts
     D:1: 179 daAuts
     D:4: 154 daAuts
     D:2: 95 daAuts
